 Dungeon Crawl Stone Soup version 0.21.0-3-g78d12a8 (console) character file.

161 ahub the Cudgeler (level 5, -7/53 HPs)
             Began as a Troll Monk on Jan 11, 2018.
             Was a Priest of Cheibriados.
             Mangled by an ogre
             ... wielding a +0 giant club
              (24 damage)
             ... on level 4 of the Dungeon.
             The game lasted 00:05:55 (2082 turns).

ahub the Cudgeler (Troll Monk)                      Turns: 2082, Time: 00:05:56

Health: -7/53      AC:  5    Str: 27    XL:     5   Next: 18%
Magic:  4/4        EV: 12    Int: 17    God:    Cheibriados [***...]
Gold:   148        SH:  0    Dex: 19    Spells: 4/4 levels left

rFire    . . .     SeeInvis .   a - +0 mace
rCold    . . .     Gourm    +   (no shield)
rNeg     . . .     Faith    .   b - +0 robe
rPois    .         Spirit   .   (helmet restricted)
rElec    .         Reflect  .   (no cloak)
rCorr    .         Harm     .   (gloves unavailable)
MR       .....                  (boots unavailable)
Stlth    ++........             (no amulet)
HPRegen  0.57/turn              k - +4 ring of intelligence
MPRegen  0.09/turn              r - ring of flight

@: flying (expiring), very slow
A: large, unfitting armour, claws 3, fast metabolism 3, gourmand, regeneration
1, shaggy fur 1, tough skin 2
a: Bend Time, Temporal Distortion, Renounce Religion, Stop Flying


You were on level 4 of the Dungeon.
You worshipped Cheibriados.
Cheibriados was most pleased with you.
You were completely stuffed.

You visited 1 branch of the dungeon, and saw 4 of its levels.

You collected 148 gold pieces.

Inventory:

Hand Weapons
 a - a +0 mace (weapon)
Missiles
 l - 8 javelins (quivered)
Armour
 b - a +0 robe (worn)
Jewellery
 k - a +4 ring of intelligence (left claw)
 r - a ring of flight (right claw)
Wands
 m - a wand of iceblast (8)
Scrolls
 e - 3 scrolls of remove curse
 n - a scroll of immolation {unknown}
 p - a scroll of identify {unknown}
 q - a scroll of teleportation {unknown}
 s - a scroll of random uselessness {unknown}
Potions
 d - a potion of ambrosia {unknown}
 f - 2 potions of might {unknown}
 g - a potion of lignification {unknown}
 h - a potion of cancellation {unknown}
 i - 2 potions of mutation {unknown}
 j - a potion of curing {unknown}
 o - 2 potions of agility {unknown}
Comestibles
 c - 5 rations


   Skills:
 * Level 3.2 Fighting
 * Level 3.7 Maces & Flails
 + Level 1.0 Armour
 * Level 3.3 Dodging
 - Level 1.0 Stealth


You had 4 spell levels left.
You didn't know any spells.

Dungeon Overview and Level Annotations

Branches:
Dungeon (4/15)
 Temple: D:4-7

Altars:
Cheibriados
Qazlal
Zin


Innate Abilities, Weirdness & Mutations

You are too large for most types of armour.
You have claws for hands.
Your metabolism is lightning-fast.
You like to eat raw meat.
Your natural rate of healing is unusually fast.
You are covered in fur. (AC +1)
You have very tough skin. (AC +2)


Message History

You see here a leopard gecko corpse.
You closely miss the iguana. The iguana bites you.
You completely miss the iguana.
You are starting to lose your buoyancy.
The iguana closely misses you.
You hit the ogre but do no damage. The ogre hits you with a giant club!
The iguana bites you!
You are too injured to fight recklessly!
You are too injured to fight recklessly!
You are too injured to fight recklessly!
You are too injured to fight recklessly!
You are too injured to fight recklessly!
You are too injured to fight recklessly!
You are too injured to fight recklessly!
You are too injured to fight recklessly!
You are too injured to fight recklessly!
You are too injured to fight recklessly!
You are too injured to fight recklessly!
You are too injured to fight recklessly!
The iguana barely misses you. The ogre hits you with a giant club!!
You die...

#####......#.##.#
#...##........
##.###.........
#........#.##.. .
##..#..####....#
..## ##.....##
....<## ....##
##...#### ###.##
#....##..#.# #.
###.#....##.# #.
............# #
###..##O@...###
##...†l.......
#.......#....##
#..........#...
#..##.#.##..###.
#. ..#.# ..# .
..##.. ..# ###
##. .... . #>#


You could see an ogre and an iguana.

Vanquished Creatures
  A hound (D:4)
  6 adders
  4 worms
  A dart slug (D:3)
  A leopard gecko (D:4)
  An orc (D:3)
  4 giant cockroaches
  7 goblins
  4 hobgoblins
  8 jackals
  4 kobolds
  2 quokkas (D:3)
  9 bats
  2 frilled lizards
  7 rats
61 creatures vanquished.

Notes
Turn   | Place    | Note
-------+----------+-------------------------------------------
     0 | D:1      | ahub the Troll Monk began the quest for the Orb.
     0 | D:1      | Reached XP level 1. HP: 22/22 MP: 0/0
   235 | D:1      | Reached XP level 2. HP: 29/29 MP: 1/1
   621 | D:2      | Found a glowing silver altar of Zin.
   799 | D:2      | Found a snail-covered altar of Cheibriados.
   810 | D:2      | Reached XP level 3. HP: 24/36 MP: 2/2
   819 | D:2      | Became a worshipper of Cheibriados the Contemplative
   819 | D:2      | Reached * piety under Cheibriados
   819 | D:2      | Reached ** piety under Cheibriados
  1075 | D:2      | Reached XP level 4. HP: 34/44 MP: 3/3
  1243 | D:2      | Found a faded altar of an unknown god.
  1380 | D:3      | Noticed an earth elemental
  1382 | D:3      | Found a stormy altar of Qazlal.
  1384 | D:3      | Noticed a fire elemental
  1384 | D:3      | Noticed a water elemental
  1384 | D:3      | Noticed an air elemental
  1509 | D:3      | Reached *** piety under Cheibriados
  2017 | D:4      | Reached skill level 1 in Armour
  2017 | D:4      | Reached XP level 5. HP: 33/53 MP: 4/4
  2076 | D:4      | Noticed an ogre
  2082 | D:4      | Mangled by an ogre

Skill      XL: |  1  2  3  4 |
---------------+-------------+-----
Maces & Flails | 3 |  3.7
Dodging        | 3 |  3.3
Fighting       | 3 |  3.2
Armour         | 1 |  1.0
Stealth        | |  1.0

Action                   |  1- 3 |  4- 6 || total
-------------------------+-------+-------++-------
Melee: Mace              |   136 |   104 ||   240
 Abil: Evoke Flight      |       |     1 ||     1
  Use: Scroll            |       |     1 ||     1
 Stab: Sleeping          |     3 |     6 ||     9
  Eat: Chunk             |    15 |     6 ||    21
Armor: Robe              |    78 |    37 ||   115
Dodge: Dodged            |   143 |    99 ||   242
